 Dungeon Crawl Stone Soup version 0.28.0-53-g5a82cb258f (webtiles) character file.

Game seed: 2343221866575669071

50 DildoBatman the Conjurer (level 4, -1/30 HPs)
             Began as a Formicid Conjurer on May 29, 2022.
             Slain by a bullfrog zombie (3 damage)
             ... on level 6 of the Dungeon.
             The game lasted 00:03:02 (1505 turns).

DildoBatman the Conjurer (Formicid Conjurer)        Turns: 1505, Time: 00:03:03

Health: -1/30      AC:  2    Str: 18    XL:     4   Next: 4%
Magic:  6/7        EV: 12    Int: 17    God:
Gold:   106        SH:  0    Dex: 11    Spells: 4/7 levels left

rFire   . . .      SeeInvis +   b - +0 dagger
rCold   . . .      Faith    .   (no shield)
rNeg    . . .      Spirit   .   a - +0 robe
rPois   .          Reflect  .   (helmet unavailable)
rElec   .          Harm     .   (no cloak)
rCorr   .          Rampage  .   (no gloves)
Will    .....                   (no boots)
Stlth   ++........              (no amulet)
HPRegen 0.10/turn               j - +6 ring of strength
MPRegen 0.10/turn               (no ring)

@: no status effects
A: permanent stasis, dig shafts and tunnels, antennae 3, four strong arms
a: Dig, Shaft Self


You were on level 6 of the Dungeon.
You visited 1 branch of the dungeon, and saw 5 of its levels.

You collected 106 gold pieces.

Inventory:

Hand Weapons
 b - a +0 dagger (weapon)
Missiles
 c - 17 arrows
 h - 7 stones
Armour
 a - a +0 robe (worn)
Jewellery
 j - a +6 ring of strength (left hand)
Scrolls
 d - a scroll of identify {unknown}
 f - a scroll of holy word {unknown}
 g - 2 scrolls of teleportation {unknown}
 i - a scroll of magic mapping {unknown}
Potions
 e - a potion of might {unknown}


   Skills:
 - Level 1.7 Dodging
 - Level 2.4 Stealth
 - Level 2.1 Spellcasting
 * Level 4.9 Conjurations


You had 4 spell levels left.
You knew the following spells:

 Your Spells              Type           Power      Damage    Failure   Level
a - Searing Ray           Conj           36%        2d5       3%          2
c - Magic Dart            Conj           72%        1d6       2%          1

Your spell library contained the following spells:

 Spells                   Type           Power      Damage    Failure   Level
 Dazzling Flash           Conj/Hex       20%        N/A       22%         3
 Fulminant Prism          Conj/Hex       5%         3d7       56%         4
 Iskenderun's Mystic Bla  Conj/Tloc      10%        2d4       56%         4


Dungeon Overview and Level Annotations

Branches:
Dungeon (3/15)

Altars:
Yredelemnul

Shops:
D:1 *

Annotations:
D:2 Jessica


Innate Abilities, Weirdness & Mutations

You cannot be hasted, slowed, berserked, paralysed or teleported.
You can dig through walls and to a lower floor.
You have a pair of large antennae on your head. (SInv)
Your four strong arms can wield two-handed weapons with a shield.


Message History

t - Shout!
Orders for allies: a - Attack new target. r - Retreat! s - Stop attacking. g - Guard the area. f - Follow me.
Anything else - Cancel.
You shout for attention!
The bullfrog zombie hits you. x2
What are your orders? t - Shout!
Orders for allies: a - Attack new target. r - Retreat! s - Stop attacking. g - Guard the area. f - Follow me.
Anything else - Cancel.
You shout for attention!
The bullfrog zombie hits you. What are your orders? t - Shout!
Orders for allies: a - Attack new target. r - Retreat! s - Stop attacking. g - Guard the area. f - Follow me.
Anything else - Cancel.
You shout for attention!
The bullfrog zombie barely misses you. What are your orders? t - Shout!
Orders for allies: a - Attack new target. r - Retreat! s - Stop attacking. g - Guard the area. f - Follow me.
Anything else - Cancel.
You shout for attention!
The bullfrog zombie closely misses you. What are your orders? t - Shout!
Orders for allies: a - Attack new target. r - Retreat! s - Stop attacking. g - Guard the area. f - Follow me.
Anything else - Cancel.
You shout for attention!
The bullfrog zombie hits you.
You die... # ######.# #...@Z.# #.######

You could see a bullfrog zombie.

Vanquished Creatures
  A worm (D:2)
  2 dart slugs
  4 ball pythons
  2 bats (D:1)
  An endoplasm (D:1)
  4 giant cockroaches
  4 goblins
  4 hobgoblins
  3 jackals (D:2)
  A quokka (D:2)
  3 frilled lizards
  6 kobolds
  7 rats
42 creatures vanquished.

Notes
Turn   | Place    | Note
-------+----------+-------------------------------------------
     0 | D:1      | DildoBatman the Formicid Conjurer began the quest for the
                  | Orb.
     0 | D:1      | Reached XP level 1. HP: 13/13 MP: 3/3
   166 | D:1      | Reached skill level 4 in Conjurations
   166 | D:1      | Reached XP level 2. HP: 19/19 MP: 1/5
   169 | D:1      | Learned a level 2 spell: Searing Ray
   698 | D:1      | Reached XP level 3. HP: 22/24 MP: 4/6
   831 | D:1      | Found Sigom's Assorted Antiques.
  1142 | D:2      | Found a basalt altar of Yredelemnul.
  1154 | D:2      | Noticed Jessica
  1292 | D:2      | You fall into a shaft and drop 1 floor!
  1463 | D:2      | Reached XP level 4. HP: 27/30 MP: 2/7
  1465 | D:2      | You fall into a shaft and drop 2 floors!
  1483 | D:4      | You fall into a shaft and drop 2 floors!
  1505 | D:6      | Slain by a bullfrog zombie

Illustrated notes

Levels and vault maps discovered:
D:1:      wander_arrival_lonely_grave, layout_basic, serial_shops,
          nicolae_shop_trees
D:2:      layout_basic, hellmonk_ecumenical_altar_leap_of_faith, basic_altar,
          uniq_jessica
D:3:      layout_basic, minmay_misc_feat_chi, roderic_lattice_a,
          nicolae_figureground_pulse, uniq_ijyb
D:4:      kennysheep_goblin_castle, layout_basic, tgw_xom
D:6:      layout_loops_ring, minmay_temple_entry_offerings

Skill      XL: |  1 |
---------------+----+-----
Conjurations   | 4 |  4.9
Dodging        | |  1.7
Stealth        | |  2.4
Spellcasting   | |  2.1

Action                   |  1- 3 |  4- 6 || total
-------------------------+-------+-------++-------
Melee: Unarmed           |     5 |       ||     5
       Dagger            |    16 |       ||    16
 Cast: Magic Dart        |    46 |       ||    46
       Searing Ray       |     6 |       ||     6
 Abil: Shaft Self        |       |     2 ||     2
 Stab: Sleeping          |     2 |       ||     2
Armor: Robe              |     8 |     1 ||     9
Dodge: Dodged            |    21 |     9 ||    30
